 Dungeon Crawl Stone Soup version 0.27-a0-650-g8dd3ea4f36 (webtiles) character file.

Game seed: 1292426165270311189

67 Shayle the Stinger (level 3, 0/29 HPs)
             Began as a Demigod Venom Mage on Mar 15, 2021.
             Succumbed to an adder's poison
             ... on level 2 of the Dungeon.
             The game lasted 00:04:38 (1466 turns).

Shayle the Stinger (Demigod Venom Mage)             Turns: 1466, Time: 00:04:39

Health: 0/29       AC:  2    Str:  9    XL:     3   Next: 72%
Magic:  3/8        EV: 12    Int: 21    God:
Gold:   73         SH:  0    Dex: 14    Spells: 4/5 levels left

rFire    . . .     SeeInvis .   d - +4 falchion
rCold    . . .     Faith    .   (no shield)
rNeg     . . .     Spirit   .   a - +0 robe
rPois    .         Reflect  .   (no helmet)
rElec    .         Harm     .   (no cloak)
rCorr    .         Rampage  .   (no gloves)
Will     .....                  (no boots)
Stlth    ++........             (no amulet)
HPRegen  0.09/turn              c - ring of flight
MPRegen  0.11/turn              (no ring)

@: lethally poisoned (0 -> -9), attractive, very slightly contaminated,
invisible
A: high mp 1, forlorn
a: Evoke Flight


You were on level 2 of the Dungeon.
You visited 1 branch of the dungeon, and saw 2 of its levels.

You collected 73 gold pieces.

Inventory:

Hand Weapons
 d - a +4 falchion (weapon)
Armour
 a - a +0 robe (worn)
 g - a +0 buckler
Jewellery
 c - a ring of flight (right hand)
Scrolls
 b - a scroll of identify {unknown}
Potions
 e - a potion of attraction


   Skills:
 + Level 1.7 Fighting
 + Level 1.6 Armour
 + Level 2.6 Dodging
 - Level 1.7 Stealth
 - Level 1.7 Spellcasting
 - Level 0.8 Transmutations
 - Level 2.6 Poison Magic


You had 4 spell levels left.
You knew the following spells:

 Your Spells              Type           Power      Damage    Failure   Level
a - Sting                 Tmut/Pois      36%        1d4       8%          1

Your spell library contained the following spells:

 Spells                   Type           Power      Damage    Failure   Level
 Poisonous Vapours        Pois/Air       14%        N/A       13%         2
 Ignite Poison            Fire/Tmut/Pois 6%         N/A       28%         3
 Mephitic Cloud           Conj/Pois/Air  5%         N/A       30%         3
 Olgreb's Toxic Radiance  Pois           13%        N/A       45%         4


Dungeon Overview and Level Annotations

Branches:
Dungeon (2/15)


Innate Abilities, Weirdness & Mutations

Your attributes grow dramatically as you level up.
You have an increased reservoir of magic. (+10% MP)
You shall have no god before yourself.


Message History

You barely miss the adder. The adder bites you. x2
You are poisoned.
The adder poisons you!
You miss the adder.
You feel sick. The adder bites you.
You are lethally poisoned!
The adder poisons you!
Casting: Sting (safe; 8% risk of failure)
Confirm with . or Enter, or press ? or * to list all spells.
Aiming: Sting (safe; 8% risk of failure)
Press: ? - help, Shift-Dir - straight line, f - adder
Aim: an adder (52% to evade)
The sting hits the adder.
The adder is poisoned.
The adder is moderately wounded.
You feel sick. The adder closely misses you.
You riposte.
You miss the adder.
The adder is moderately wounded.
The adder barely misses you.
You riposte.
You closely miss the adder.
The adder is moderately wounded.
Casting: Sting (safe; 8% risk of failure)
Confirm with . or Enter, or press ? or * to list all spells.
Aiming: Sting (safe; 8% risk of failure)
Press: ? - help, Shift-Dir - straight line, f/p - adder
Aim: an adder (moderately wounded, poisoned, 52% to evade)
The sting hits the adder.
The adder looks even sicker.
The adder is heavily wounded.
* * * LOW HITPOINT WARNING * * *
You feel sick. The adder bites you.
* * * LOW HITPOINT WARNING * * *
It was a potion of attraction.
You feel attractive to monsters.
* * * LOW HITPOINT WARNING * * *
You feel sick. The adder bites you.
* * * LOW HITPOINT WARNING * * *
It was a potion of invisibility.
You fade into invisibility!
The adder misses you.
You are very lightly contaminated with residual magic.
Okay, then.
You hit the adder.
You kill the adder!
You die...

#..#...##### #..#
#..#...######.#
#..#
#.............#
#...
#........#######.##
#...........)......
##.......##########
##.....##
##...#########
#.......)@..#
#..########......
#.)# ##### #.g#
#..# #.S# .#.. #...
#..


There were no monsters in sight!

Vanquished Creatures
  3 adders (D:2)
  A worm (D:2)
  3 dart slugs
  3 leopard geckos (D:1)
  3 bats
  3 giant cockroaches (D:1)
  3 goblins (D:1)
  8 hobgoblins
  3 frilled lizards
  5 kobolds
  A rat (D:2)
36 creatures vanquished.

Notes
Turn   | Place    | Note
-------+----------+-------------------------------------------
     0 | D:1      | Shayle the Demigod Venom Mage began the quest for the Orb.
     0 | D:1      | Reached XP level 1. HP: 14/14 MP: 5/5
   194 | D:1      | Reached XP level 2. HP: 22/22 MP: 5/7
   311 | D:1      | Reached skill level 1 in Fighting
   311 | D:1      | Reached skill level 1 in Armour
   951 | D:1      | Upgraded the game from 0.27-a0-637-g3a9f0a9c12 to
                  | 0.27-a0-650-g8dd3ea4f36
   970 | D:2      | Reached XP level 3. HP: 15/28 MP: 8/8
  1464 | D:2      | HP: 1/29 [adder (1)]
  1466 | D:2      | Succumbed to an adder's poison

Illustrated notes

Levels and vault maps discovered:
D:1:      dpeg_arrival_pits, layout_rooms
D:2:      layout_loops_ring, grunt_ministairs_10

Skill      XL: |  1  2 |
---------------+-------+-----
Dodging        | 2 |  2.6
Fighting       | 1 |  1.7
Armour         | 1 |  1.6
Stealth        | |  1.7
Spellcasting   | |  1.7
Transmutations | |  0.8
Poison Magic   | |  2.6

Action                   || total
-------------------------++-------
Melee: Unarmed           ||    32
       Falchion          ||    21
 Cast: Sting             ||    56
  Use: Potion            ||     2
Armor: Robe              ||    10
Dodge: Dodged            ||    37
       Rpst.: Falchion   ||     4

Table legend: (Time is in decaauts)
 A = Elapsed time spent in this place.
 B = Non-inter-level travel time spent in this place.
 C = Inter-level travel time spent in this place.
 D = Time resting spent in this place.
 E = Time spent auto-exploring this place.
 F = Levels seen in this place.
 G = Mean time per level.
                   A        B        C        D        E       F      G
               +--------+--------+--------+--------+--------+-----+--------+
         Total |   1470 |   1470 |      0 |    341 |    812 |   2 |  735.0 |
       Dungeon |   1470 |   1470 |      0 |    341 |    812 |   2 |  735.0 |
               +--------+--------+--------+--------+--------+-----+--------+

Top non-repeatable levels by time:
     D:1: 953 daAuts
     D:2: 517 daAuts
